 Dungeon Crawl Stone Soup version 0.29-a0-214-g17f627cfee (webtiles) character file.

Game seed: 11413722747901269277

368 ZeroWinrate the Archer (level 6, -8/44 HPs)
             Began as a Gnoll Wanderer on Feb 24, 2022.
             Was an Initiate of Gozag.
             Shot with an arrow by a centaur (9 damage)
             ... on level 5 of the Dungeon on Feb 25, 2022.
             The game lasted 00:22:27 (5093 turns).

ZeroWinrate the Archer (Gnoll Wanderer)             Turns: 5093, Time: 00:22:27

Health: -8/44      AC:  4    Str: 10 (12) XL:     6   Next: 69%
Magic:  9/9        EV: 11    Int: 10 (11) God:    Gozag
Gold:   496        SH:  0    Dex: 12 (13) Spells: 9/9 levels left

rFire   . . .      SeeInvis .   a - +2 hunting sling
rCold   . . .      Faith    .   (no shield)
rNeg    . . .      Spirit   .   l - +1 leather armour of the Hart {+Inv}
rPois   .          Reflect  .   (no helmet)
rElec   .          Harm     .   (no cloak)
rCorr   .          Rampage  .   (no gloves)
Will    .....                   (no boots)
Stlth   ++........              (no amulet)
HPRegen 0.14/turn               (no ring)
MPRegen 0.11/turn               (no ring)

@: brilliant
A: fangs 1, strong nose, distributed training
a: Renounce Religion, Evoke Invisibility, Potion Petition, Call Merchant, Bribe
Branch


You were on level 5 of the Dungeon.
You worshipped Gozag.
Gozag was aware of your devotion.
You visited 1 branch of the dungeon, and saw 5 of its levels.

You collected 501 gold pieces.
You paid 5 gold pieces to Gozag.

Inventory:

Hand Weapons
 a - a +2 hunting sling (weapon)
 b - a +0 shortbow
Armour
 l - the +1 leather armour of the Hart (worn) {+Inv}
   (You found it on level 4 of the Dungeon)

   +Inv:      It lets you turn invisible.
Jewellery
 i - a ring of ice
Potions
 e - 2 potions of flight
 h - a potion of brilliance
 k - a potion of ambrosia {unknown}


   Skills:
 + Level 2.1 Fighting
 + Level 2.1 Short Blades
 + Level 2.1 Long Blades
 + Level 2.1 Axes
 + Level 2.1 Maces & Flails
 + Level 2.1 Polearms
 + Level 2.1 Staves
 + Level 8.8 Slings
 + Level 8.8 Bows
 + Level 2.1 Crossbows
 + Level 3.3 Throwing
 + Level 3.3 Armour
 + Level 2.1 Dodging
 + Level 2.1 Stealth
 + Level 2.1 Shields
 + Level 2.1 Unarmed Combat
 + Level 2.1 Spellcasting
 + Level 1.6 Conjurations
 + Level 1.6 Hexes
 + Level 1.6 Summonings
 + Level 1.6 Necromancy
 + Level 1.6 Translocations
 + Level 1.6 Transmutations
 + Level 1.6 Fire Magic
 + Level 1.6 Ice Magic
 + Level 1.6 Air Magic
 + Level 1.6 Earth Magic
 + Level 1.6 Poison Magic
 + Level 2.3 Invocations
 + Level 2.1 Evocations


You had 9 spell levels left.
You didn't know any spells.
Your spell library contained the following spells:

 Spells                   Type           Power      Damage    Failure   Level
 Sandblast                Erth           12%        2d6       21%         1
 Passwall                 Tmut/Erth      5%         N/A       30%         2
 Gell's Gravitas          Tloc           6%         N/A       52%         3
 Lesser Beckoning         Tloc           6%         N/A       52%         3
 Stone Arrow              Conj/Erth      12%        3d7       52%         3
 Teleport Other           Tloc           6%         N/A       52%         3


Dungeon Overview and Level Annotations

Branches:
Dungeon (5/15)
 Temple: D:4-7

Altars:
Gozag
Uskayaw

Annotations:
D:3 Pikel


Innate Abilities, Weirdness & Mutations

You have very sharp teeth.
Your uncanny sense of smell can sniff out nearby items.
Your experience applies equally to all skills.


Message History

You feel better. The phantom hits you.
* * * LOW HITPOINT WARNING * * *
Unknown command.
Unknown command.
Unknown command.
Unknown command.
The adder bites you but does no damage. The phantom completely misses you.
Unknown command.
Unknown command.
Unknown command.
The adder bites you.
* * * LOW HITPOINT WARNING * * *
Unknown command.
Unknown command.
Unknown command.
Unknown command.
Okay, then.
Unknown command.
You don't know any spells.
Unknown command.
Unknown command.
Unknown command.
Your hearing returns.
As you read the scroll labelled JUUXTA ZORGH, it crumbles to dust.
It is a scroll of enchant armour.
You aren't carrying any armour which can be enchanted further.
The adder barely misses you. The adder barely misses you. The adder bites you.
* * * LOW HITPOINT WARNING * * *
The adder misses you.
The centaur shouts!
The centaur shoots an arrow.
The arrow hits you!
* * * LOW HITPOINT WARNING * * *
The adder bites you.
* * * LOW HITPOINT WARNING * * *
The centaur shoots an arrow.
The arrow misses you.
The centaur shoots an arrow.
The arrow hits you!
You die...
Your body crumbles into a pile of gold.

#### #### ...# ...#
...# #########...
...# #.5W.5.#... ...#
###.####W#.. ...#
#...# #.#.#
########5######S#.##
###.5.5.g.g^....@..#
..5#####......#.#.##
##............#.#...
.........c....#.#####
#...............#
...#####......###
#..# #.#.#### $ #..#
.#.# #..#


You could see a phantom, a gnoll sergeant, a centaur (strong), an adder and an
ufetubus.

Vanquished Creatures
  2 lemures (D:4)
  2 scorpions
  2 orc priests (D:4)
  An orc wizard (D:4)
  5 adders
  A gnoll (D:5)
  An adder skeleton (D:4)
  2 worms
  A dart slug (D:4)
  6 orcs
  11 ball pythons
  3 endoplasms
  3 giant cockroaches
  7 goblins
  11 hobgoblins
  9 jackals
  9 kobolds
  3 quokkas
  7 bats
  3 frilled lizards
  3 rats
92 creatures vanquished.

Notes
Turn   | Place    | Note
-------+----------+-------------------------------------------
     0 | D:1      | ZeroWinrate the Gnoll Wanderer began the quest for the Orb.
     0 | D:1      | ZeroWinrate set off with the following items: a +2 hunting
                  | sling, a +0 shortbow, a +0 ring mail
     0 | D:1      | Reached XP level 1. HP: 13/13 MP: 1/1
   141 | D:1      | Reached XP level 2. HP: 19/19 MP: 2/2
   214 | D:1      | Found a faded altar of an unknown god.
   475 | D:1      | Reached XP level 3. HP: 25/25 MP: 3/3
   713 | D:2      | Found an opulent altar of Gozag.
   762 | D:2      | Became a worshipper of Gozag Ym Sagoz the Greedy
   835 | D:2      | Reached skill level 1 in Invocations
  1280 | D:2      | Reached skill level 1 in Fighting
  1280 | D:2      | Reached skill level 1 in Short Blades
  1280 | D:2      | Reached skill level 1 in Long Blades
  1280 | D:2      | Reached skill level 1 in Axes
  1280 | D:2      | Reached skill level 1 in Maces & Flails
  1280 | D:2      | Reached skill level 1 in Polearms
  1280 | D:2      | Reached skill level 1 in Staves
  1280 | D:2      | Reached skill level 1 in Crossbows
  1280 | D:2      | Reached skill level 1 in Dodging
  1280 | D:2      | Reached skill level 1 in Stealth
  1280 | D:2      | Reached skill level 1 in Shields
  1280 | D:2      | Reached skill level 1 in Unarmed Combat
  1280 | D:2      | Reached skill level 1 in Spellcasting
  1280 | D:2      | Reached skill level 1 in Evocations
  1412 | D:2      | Reached XP level 4. HP: 22/32 MP: 5/5
  1802 | D:3      | Found a hide-covered altar of Uskayaw.
  1961 | D:3      | Reached skill level 1 in Conjurations
  1961 | D:3      | Reached skill level 1 in Hexes
  1961 | D:3      | Reached skill level 1 in Summonings
  1961 | D:3      | Reached skill level 1 in Necromancy
  1961 | D:3      | Reached skill level 1 in Translocations
  1961 | D:3      | Reached skill level 1 in Transmutations
  1961 | D:3      | Reached skill level 1 in Fire Magic
  1961 | D:3      | Reached skill level 1 in Ice Magic
  1961 | D:3      | Reached skill level 1 in Air Magic
  1961 | D:3      | Reached skill level 1 in Earth Magic
  1961 | D:3      | Reached skill level 1 in Poison Magic
  2445 | D:4      | Identified the +1 leather armour of the Hart {+Inv}
  2726 | D:4      | Noticed Pikel
  2726 | D:4      | Noticed a lemure
  2726 | D:4      | Noticed a lemure
  2726 | D:4      | Noticed a lemure
  2726 | D:4      | Noticed a lemure
  2869 | D:4      | Reached XP level 5. HP: 37/37 MP: 6/6
  3022 | D:5      | Entered Level 5 of the Dungeon
  3363 | D:4      | Reached XP level 6. HP: 44/44 MP: 8/8
  5092 | D:5      | HP: 1/44 [adder (2)]
  5093 | D:5      | Shot with an arrow by a centaur

Illustrated notes

Levels and vault maps discovered:
D:1:      lightli_arrival_lavapool, layout_loops_ring,
          hellmonk_ecumenical_altar_zigzags
D:2:      minmay_alternating_diamond, layout_rooms, basic_altar,
          minmay_pentomino_x4
D:3:      layout_basic, mainiacjoe_overflow_catwalk, grunt_ministairs_1,
          chequers_serial_rivers_micro_d
D:4:      layout_loops_ring, minmay_misc_feat_four_crosses, item_on_display_a,
          uniq_pikel
D:5:      layout_basic, grunt_tough_drop, uniq_grinder

Skill      XL: |  1  2  3  4  5  6 |
---------------+-------------------+-----
Invocations    | 1 2 |  2.3
Fighting       | 1 2 |  2.1
Short Blades   | 1 2 |  2.1
Long Blades    | 1 2 |  2.1
Axes           | 1 2 |  2.1
Maces & Flails | 1 2 |  2.1
Polearms       | 1 2 |  2.1
Staves         | 1 2 |  2.1
Crossbows      | 1 2 |  2.1
Dodging        | 1 2 |  2.1
Stealth        | 1 2 |  2.1
Shields        | 1 2 |  2.1
Unarmed Combat | 1 2 |  2.1
Spellcasting   | 1 2 |  2.1
Evocations     | 1 2 |  2.1
Conjurations   | 1 |  1.6
Hexes          | 1 |  1.6
Summonings     | 1 |  1.6
Necromancy     | 1 |  1.6
Translocations | 1 |  1.6
Transmutations | 1 |  1.6
Fire Magic     | 1 |  1.6
Ice Magic      | 1 |  1.6
Air Magic      | 1 |  1.6
Earth Magic    | 1 |  1.6
Poison Magic   | 1 |  1.6
Throwing       | 3 |  3.3
Armour         | 3 |  3.3
Slings         | |  8.8
Bows           | |  8.8

Action                   |  1- 3 |  4- 6 || total
-------------------------+-------+-------++-------
 Fire: Hunting sling     |   127 |   212 ||   339
Throw: Dart              |     5 |    22 ||    27
  Use: Scroll            |     1 |     4 ||     5
       Potion            |       |     5 ||     5
Armor: Ring mail         |    24 |     4 ||    28
       Leather armour    |       |    27 ||    27
Dodge: Dodged            |    27 |    75 ||   102

Table legend: (Time is in decaauts)
 A = Elapsed time spent in this place.
 B = Non-inter-level travel time spent in this place.
 C = Inter-level travel time spent in this place.
 D = Time resting spent in this place.
 E = Time spent auto-exploring this place.
 F = Levels seen in this place.
 G = Mean time per level.
                   A        B        C        D        E       F      G
               +--------+--------+--------+--------+--------+-----+--------+
         Total |   5149 |   4837 |    312 |   1186 |   2272 |   5 | 1029.8 |
       Dungeon |   5149 |   4837 |    312 |   1186 |   2272 |   5 | 1029.8 |
               +--------+--------+--------+--------+--------+-----+--------+

Top non-repeatable levels by time:
     D:4: 1434 daAuts
     D:3: 1310 daAuts
     D:2: 1236 daAuts
     D:1: 776 daAuts
     D:5: 391 daAuts
